 Dungeon Crawl Stone Soup version 0.29-a0-330-g52719c12eb (webtiles) character file.

Game seed: 7067272391773676990

2665 Gwenloh the Geomancer (level 9, -3/56 HPs)
             Began as a Gargoyle Earth Elementalist on May 1, 2022.
             Slain by an unseen horror (7 damage)
             ... on level 7 of the Dungeon on May 2, 2022.
             The game lasted 00:30:31 (10094 turns).

Gwenloh the Geomancer (GrEE)                       Turns: 10094, Time: 00:30:32

Health: -3/56      AC: 12    Str: 17    XL:     9   Next: 63%
Magic:  2/18       EV: 12    Int: 21    God:
Gold:   325        SH:  0    Dex: 10    Spells: 14/20 levels left

rFire   + . .      SeeInvis .   w - +1 dagger (flame)
rCold   . . .      Faith    .   (no shield)
rNeg    + . .      Spirit   .   t - +0 robe {rF+}
rPois   ∞          Reflect  .   l - +1 helmet
rElec   +          Harm     .   j - +0 cloak
rCorr   .          Rampage  .   z - +0 pair of gloves
Will    .....                   (no boots)
Stlth   ++........              (no amulet)
HPRegen 0.18/turn               g - +6 ring of strength
MPRegen 0.16/turn               n - ring of flight

@: flying
A: sickness immunity, AC +6, negative energy resistance 1, electricity
resistance, torment resistance 1, petrification resistance
a: no special abilities


You were on level 7 of the Dungeon.
You visited 2 branches of the dungeon, and saw 8 of its levels.
You also visited: Sewer.

You collected 325 gold pieces.

Inventory:

Hand Weapons
 w - a +1 dagger of flaming (weapon)
Missiles
 a - 117 stones
 q - 2 javelins (quivered)
 J - 3 boomerangs
Armour
 j - a +0 cloak (worn)
 l - a +1 helmet (worn)
 t - a +0 robe of fire resistance (worn)
 z - a +0 pair of gloves (worn)
 C - a +0 leather armour of poison resistance
Jewellery
 g - a +6 ring of strength (left hand)
 n - a ring of flight (right hand)
Wands
 m - a wand of acid (15)
 G - a wand of polymorph (7)
 I - a wand of charming (7)
Scrolls
 c - 2 scrolls of vulnerability
 e - a scroll of torment
 f - a scroll of teleportation
 p - a scroll of fear
 s - 2 scrolls of immolation
 u - 2 scrolls of noise
 v - a scroll of enchant weapon {unknown}
 y - 2 scrolls of amnesia
 D - 2 scrolls of blinking
Potions
 b - a potion of attraction {unknown}
 d - a potion of ambrosia {unknown}
 h - 6 potions of curing
 i - a potion of berserk rage {unknown}
 k - 2 potions of might {unknown}
 o - a potion of magic
 r - 2 potions of lignification {unknown}
 x - 2 potions of mutation {unknown}
 A - a potion of flight {unknown}
 B - 2 potions of brilliance {unknown}
 E - 2 potions of invisibility {unknown}
 F - a potion of heal wounds {unknown}
 H - a potion of cancellation {unknown}


   Skills:
 + Level 6.9 Fighting
 - Level 1.6 Dodging
 - Level 2.3 Stealth
 + Level 6.2 Spellcasting
 + Level 6.6 Conjurations
 - Level 0.9 Transmutations
 + Level 8.6 Earth Magic


You had 14 spell levels left.
You knew the following spells:

 Your Spells              Type           Power      Damage    Failure   Level
a - Sandblast             Erth           84%        2d18      1%          1
b - Stone Arrow           Conj/Erth      76%        3d11      1%          3
c - Passwall              Tmut/Erth      21%        N/A       1%          2

Your spell library contained the following spells:

 Spells                   Type           Power      Damage    Failure   Level
 Magic Dart               Conj           100%       1d8       1%          1
 Shock                    Conj/Air       80%        1d8       2%          1
 Animate Skeleton         Necr           12%        N/A       10%         1
 Pain                     Necr           24%        1d5       10%         1
 Slow                     Hex            24%        N/A       10%         1
 Mephitic Cloud           Conj/Pois/Air  15%        N/A       12%         3
 Call Imp                 Summ           6%         N/A       14%         2
 Ensorcelled Hibernation  Hex/Ice        12%        N/A       14%         2
 Petrify                  Tmut/Erth      26%        N/A       14%         4
 Confusing Touch          Hex            6%         N/A       28%         3
 Swiftness                Air            6%         N/A       28%         3
 Vampiric Draining        Necr           6%         2d6       28%         3
 Airstrike                Air            3%         N/A       67%         4
 Yara's Violent Unravell  Hex/Tmut       4%         3d4       91%         5
 Enfeeble                 Hex            3%         N/A       100%        7


Dungeon Overview and Level Annotations

Branches:
Dungeon (7/15)             Temple (1/1) D:5           Sewer (visited)

Altars:
Dithmenos
Gozag
Hepliaklqana
Kikubaaqudgha
Okawaru
Qazlal
Ru
Trog
Uskayaw
Wu Jian
Xom
Yredelemnul
Zin
The Shining One


Innate Abilities, Weirdness & Mutations

You are immune to sickness and miasma.
Your stone body is resilient. (AC +6)
You are immune to poison.
You resist negative energy. (rN+)
You are resistant to electric shocks. (rElec)
You are resistant to unholy torment.
You are immune to petrification.


Message History

Confirm with . or Enter, or press ? or * to list all spells.
Aiming: Stone Arrow (safe; 1% risk of failure)
Press: ? - help, Shift-Dir - straight line, f/p - hound
Aim: a hound (severely wounded, 64% to hit)
The stone arrow hits something!!
Something hits you! Something hits you but does no damage.
Unknown command.
Unknown command.
Casting: Stone Arrow (safe; 1% risk of failure)
Confirm with . or Enter, or press ? or * to list all spells.
You don't have enough magic to cast this spell.
Throw: 2 javelins
Press: ? - help, Q - select action, (/) - cycle Shift-Dir - straight line, f/p - hound
Aim: a hound (severely wounded, 48% to hit)
Okay, then.
Casting: Stone Arrow (safe; 1% risk of failure)
Confirm with . or Enter, or press ? or * to list all spells.
Aiming: Sandblast (safe; 1% risk of failure)
Press: ? - help, Shift-Dir - straight line, f/p - hound
Aim: a hound (severely wounded, 76% to hit)
The blast of sand hits something but does no damage.
a - 117 stones Something hits you.
* * * LOW HITPOINT WARNING * * *
You hit something. You burn something. Something hits you but does no damage.
You completely miss something. Something hits you.
* * * LOW HITPOINT WARNING * * *
Something hits you.
* * * LOW HITPOINT WARNING * * *
Something barely misses you.
You hit something. You burn something. Something hits you but does no damage.
Something hits you.
* * * LOW HITPOINT WARNING * * *
You hit something. You burn something. Something hits you but does no damage.
You hit something but do no damage. Something hits you but does no damage.
Something hits you.
* * * LOW HITPOINT WARNING * * *
You hit something. You burn something.
Something hits you but does no damage. x2
You closely miss something. Something hits you!
You die...

.....# ..#.# .....#
#.#.## .....# #....
.....# ....# .....#
#...# .....# #...#
###### #...# #
######...#
##############..@{h..>#
...............########
################


You could see a hound.

Vanquished Creatures
  A two-headed ogre (D:5)
  Menkaure (D:5)
  Edmund (D:4)
  A water moccasin (D:5)
  An ice beast (D:3)
  Pargi (Sewer)
  An ogre (D:5)
  A kobold brigand (D:6)
  4 scorpions
  4 wights
  A jelly (D:4)
  A howler monkey (D:5)
  2 hounds (D:6)
  A gnoll shaman (D:5)
  3 orc priests
  3 iguanas
  2 orc wizards
  12 adders
  27 gnolls
  A shadow imp (D:6)
  2 white imps
  3 ufetubi (D:5)
  2 worms (D:3)
  A dart slug (D:1)
  27 orcs
  8 endoplasms
  A giant cockroach (D:6)
  A goblin (D:1)
  13 hobgoblins
  27 jackals
  3 ball pythons
  A bat (D:1)
  11 frilled lizards
  10 kobolds
  8 rats
187 creatures vanquished.

Vanquished Creatures (others)
  9 plants
9 creatures vanquished.

Grand Total: 196 creatures vanquished

Notes
Turn   | Place    | Note
-------+----------+-------------------------------------------
     0 | D:1      | Gwenloh the Gargoyle Earth Elementalist began the quest for
                  | the Orb.
     0 | D:1      | Reached XP level 1. HP: 10/10 MP: 3/3
   380 | D:1      | Reached XP level 2. HP: 10/16 MP: 3/5
   526 | D:1      | Learned a level 2 spell: Passwall
  1436 | D:2      | Reached skill level 4 in Earth Magic
  1437 | D:2      | Reached skill level 1 in Fighting
  1496 | D:2      | Reached XP level 3. HP: 20/20 MP: 3/6
  2397 | D:2      | Learned a level 3 spell: Stone Arrow
  2469 | D:2      | Reached XP level 4. HP: 26/26 MP: 5/8
  2960 | D:3      | Noticed an ice beast
  2971 | D:3      | Killed an ice beast
  2972 | D:3      | Reached skill level 1 in Conjurations
  2972 | D:3      | Reached XP level 5. HP: 31/31 MP: 2/9
  3314 | D:3      | Reached skill level 5 in Earth Magic
  3782 | D:4      | Reached XP level 6. HP: 37/37 MP: 2/11
  4225 | D:4      | Reached XP level 7. HP: 41/42 MP: 0/12
  5021 | D:4      | Reached skill level 6 in Earth Magic
  5413 | D:5      | Entered Level 5 of the Dungeon
  5452 | D:5      | Noticed Edmund
  5533 | D:5      | Found a staircase to the Ecumenical Temple.
  5545 | Temple   | Entered the Ecumenical Temple
  5817 | D:5      | Noticed Menkaure
  5842 | D:4      | Killed Edmund
  5843 | D:4      | Reached XP level 8. HP: 15/48 MP: 0/14
  6065 | D:5      | Killed Menkaure
  6536 | D:5      | Reached skill level 5 in Fighting
  6803 | D:5      | Reached skill level 7 in Earth Magic
  6937 | D:5      | Reached skill level 5 in Spellcasting
  7205 | D:5      | Reached skill level 5 in Conjurations
  8502 | D:5      | Noticed a two-headed ogre
  8507 | D:5      | Killed a two-headed ogre
  8508 | D:5      | Reached skill level 8 in Earth Magic
  8508 | D:5      | Reached XP level 9. HP: 56/56 MP: 7/17
  9144 | D:6      | Found a glowing drain.
  9157 | Sewer    | Entered a sewer
  9266 | Sewer    | Noticed Pargi
  9270 | Sewer    | Killed Pargi
 10094 | D:7      | Slain by an unseen horror

Illustrated notes

Levels and vault maps discovered:
D:1:      kennysheep_arrival_forest, layout_loops_ring
D:2:      layout_loops_ring, serial_co_window_serial, co_window_paths_a,
          co_window_corner_a, co_window_paths_b, co_window_paths_a,
          co_window_paths_a, co_window_broadway_b, co_window_of_opportunity_b,
          co_window_corner_cb, co_window_broadway_a, co_window_broadway_b,
          co_window_broadway_c, glass_columns_a, cheibrodos_gnoll_hut
D:3:      layout_basic, roderic_roman_lattice
D:4:      layout_gridville
D:5:      lemuel_castle_with_subvaults [lemuel_castle_interior_original],
          layout_rooms, minmay_temple_entry_stoned_glass, uniq_menkaure,
          uniq_edmund
D:6:      layout_rooms, portal_sewer_entry_a, minmay_lizard_king
D:7:      layout_basic, mainiacjoe_overflow_cross_hatched, enter_bailey_7
Temple:   minmay_temple_curvy_branch

Skill      XL: |  1  2  3  4  5  6  7  8  9 |
---------------+----------------------------+-----
Earth Magic    | 4 5 6 8 |  8.6
Fighting       | 1 2 3 4 6 |  6.9
Spellcasting   | 3 4 5 6 |  6.2
Conjurations   | 1 2 3 4 6 |  6.6
Dodging        | |  1.6
Stealth        | |  2.3
Transmutations | |  0.9

Action                   |  1- 3 |  4- 6 |  7- 9 || total
-------------------------+-------+-------+-------++-------
Melee: Unarmed           |    20 |       |       ||    20
       Dagger            |   122 |   138 |   121 ||   381
       Punch             |     2 |     1 |     2 ||     5
Throw: Javelin           |       |     2 |     7 ||     9
       Boomerang         |       |    33 |    85 ||   118
       Stone             |       |       |     2 ||     2
 Cast: Sandblast         |     8 |    19 |    31 ||    58
       Stone Arrow       |       |    10 |   139 ||   149
  Use: Potion            |       |     1 |       ||     1
       Scroll            |       |       |     8 ||     8
 Stab: Sleeping          |     4 |     2 |     1 ||     7
Armor: Robe              |    53 |    57 |    78 ||   188
Dodge: Dodged            |    73 |    81 |   132 ||   286

Table legend: (Time is in decaauts)
 A = Elapsed time spent in this place.
 B = Non-inter-level travel time spent in this place.
 C = Inter-level travel time spent in this place.
 D = Time resting spent in this place.
 E = Time spent auto-exploring this place.
 F = Levels seen in this place.
 G = Mean time per level.
                   A        B        C        D        E       F      G
               +--------+--------+--------+--------+--------+-----+--------+
         Total |  10136 |   9927 |    209 |   1245 |   6878 |   9 | 1126.2 |
       Dungeon |   9495 |   9286 |    209 |   1212 |   6334 |   7 | 1356.4 |
        Temple |    251 |    251 |      0 |      0 |    246 |   1 |  251.0 |
         Sewer |    388 |    388 |      0 |     33 |    298 |   1 |  388.0 |
               +--------+--------+--------+--------+--------+-----+--------+

Top non-repeatable levels by time:
     D:5: 2817 daAuts
     D:4: 1747 daAuts
     D:2: 1656 daAuts
     D:3: 1308 daAuts
     D:1: 1017 daAuts
     D:6: 887 daAuts
   Sewer: 388 daAuts
  Temple: 251 daAuts
     D:7: 60 daAuts
